Workbook

Sheet BDI (00,00%)
B4: Quadro de Composição do BDI
B6: Construção e Reforma de Edifícios
B8: Conforme legislação tributária municipal, definir estimativa de percentual da base de cálculo para o ISS: | G8: 0
B9: Sobre a base de cálculo, definir a respectiva alíquota do ISS (entre 2% e 5%): | G9: 0
B11: Itens | C11: Siglas | D11: Preencher percentuais das parcelas do BDI | E11: Situação intervalo admissível | F11: 1º Quartil | G11: Médio | H11: 3º Quartil
B12: Administração Central | C12: AC | D12: 0 | E12: - | F12: 0.03 | G12: 0.04 | H12: 0.055
B13: Seguro e Garantia | C13: SG | D13: 0 | E13: - | F13: 0.008 | G13: 0.008 | H13: 0.01
B14: Risco | C14: R | D14: 0 | E14: - | F14: 0.0097 | G14: 0.0127 | H14: 0.0127
B15: Despesas Financeiras | C15: DF | D15: 0 | E15: - | F15: 0.0059 | G15: 0.0123 | H15: 0.0139
B16: Lucro | C16: L | D16: 0 | E16: - | F16: 0.0616 | G16: 0.074 | H16: 0.0896
B17: Tributos (impostos COFINS 3%, e PIS 0,65%) | C17: CP | D17: 0 | E17: =IF(AND(D17>=F17, D17<=H17), "OK", "Não OK") -> Não OK | F17: 0.0365 | G17: 0.0365 | H17: 0.0365
B18: Tributos (ISS, variável de acordo com o município) | C18: ISS | D18: =G9*G8 -> 0 | E18: =IF(AND(D18>=F18, D18<=H18), "OK", "Não OK") -> OK | F18: 0 | G18: 0.025 | H18: 0.05
B19: Tributos (Contribuição Previdenciária - 0% ou 4,5%, conforme Lei 13.161/2015 - Desoneração) | C19: CPRB | D19: 0 | E19: =IF(AND(D19>=F19, D19<=H19), "OK", "Não OK") -> OK | F19: 0 | G19: 0.02 | H19: 0.045
B20: Fórmula de BDI adotado conforme Acórdão TCU | C20: BDI PAD | D20: =ROUND((((1+D12+D13+D14)*(1+D15)*(1+D16)/(1-(D17+D18)))-1),4) -> 0 | E20: =IF(AND(D20>=F20, D20<=H20), "OK", "Não OK") -> Não OK | F20: 0.2034 | G20: 0.2212 | H20: 0.25
B21: BDI SINAPI DESONERADO (A ser aplicado na Planilha Orçamentária) | C21: BDI DES | D21: =ROUND((((1+D12+D13+D14)*(1+D15)*(1+D16)/(1-(D17+D18+D19)))-1),4) -> 0 | E21: =IF(COUNTIF($E$12:$E$20,"NÃO OK")>0,"NÃO OK","OK") -> NÃO OK
B23: Os valores de BDI foram calculados com o emprego da fórmula abaixo:
B25: Declaro para os devidos fins que, conforme legislação tributária municipal, a base de cálculo para Construção e Reforma de Edifícios, é de 50%, com a respectiva alíquota de 5%.
B26: Declaro para os devidos fins que para o cálculo deste BDI, optamos pelo Orçamento SEM DESONERAÇÃO, e que esta alternativa é a mais adequada para a Administração Pública.

Sheet Planilha
B4: PLANILHA ORÇAMENTÁRIA - SEM DESONERAÇÃO | I4: 46134
B7: Unidade | C7: UPA TANGARÁ / ESTORIL | I7: BDI= | J7: ='BDI (00,00%)'!D21 -> 0
B8: Objeto | C8: EXECUÇÃO DO QUARTO DE ISOLAMENTO
C9: TELHAMENTO - DOMUS DA OBSERVAÇÃO
C10: ABRIGO DO COMPRESSOR
B11: Local | C11: AV GETÚLIO VARGAS, 381
C12: JARDIM TANGARÁ | G12: Cidade: | H12: SÃO JOSÉ DO RIO PRETO - SP
B15: REF.: PREÇOS: SINAPI-MAR./2026; CDHU-BOL.201: FDE-JAN./2026; ORSE-FEV./2026.
B17: ITEM | C17: FONTE | D17: CÓDIGO | E17: DESCRIÇÃO | F17: UNID | G17: QUANT | H17: CUSTO UNITÁRIO (R$) | I17: UNITÁRIO COM BDI (R$) | J17: VALOR TOTAL COM BDI (R$)
B18: 1 | E18: QUARTO DE ISOLAMENTO | J18: =J19+J22+J50 -> 0
B19: 1.1 | E19: DEMOLIÇÃO E RETIRADA | J19: =SUM(J20:J21) -> 0
B20: 1.1.1 | C20: SINAPI | D20: 97640 | E20: REMOÇÃO DE FORROS DE DRYWALL, PVC E FIBROMINERAL, DE FORMA MANUAL, SEM REAPROVEITAMENTO. AF_09/2023 | F20: M2 | G20: 1 | I20: =ROUND(ROUND(H20,2)*(1+J$7),2) -> 0 | J20: =ROUND(G20*I20,2) -> 0
B21: 1.1.2 | C21: SINAPI | D21: 104790 | E21: DEMOLIÇÃO DE PISO DE CONCRETO SIMPLES, DE FORMA MECANIZADA COM MARTELETE, SEM REAPROVEITAMENTO. AF_09/2023 | F21: M3 | G21: 0.15 | I21: =ROUND(ROUND(H21,2)*(1+J$7),2) -> 0 | J21: =ROUND(G21*I21,2) -> 0
B22: 1.2 | E22: ACABAMENTOS INTERNOS | J22: =SUM(J23:J49) -> 0
B23: 1.2.1 | C23: SINAPI | D23: 96114 | E23: FORRO EM DRYWALL PARA AMBIENTES RESIDENCIAIS, INCLUSIVE ESTRUTURA UNIDIRECIONAL DE FIXAÇÃO. AF_08/2023_PS | F23: M2 | G23: 1 | I23: =ROUND(ROUND(H23,2)*(1+J$7),2) -> 0 | J23: =ROUND(G23*I23,2) -> 0
B24: 1.2.2 | C24: CDHU-SD | D24: 14.30.410 | E24: DIVISÓRIA EM PLACAS DE GESSO ACARTONADO, RESISTÊNCIA AO FOGO 30 MINUTOS, ESPESSURA 100/70MM - 1RU / 1RU | F24: M2 | G24: 22.59 | I24: =ROUND(ROUND(H24,2)*(1+J$7),2) -> 0 | J24: =ROUND(G24*I24,2) -> 0
B25: 1.2.3 | C25: CDHU-SD | D25: 32.06.030 | E25: LÃ DE VIDRO E/OU LÃ DE ROCHA COM ESPESSURA DE 2´ | F25: M2 | G25: 22.59 | I25: =ROUND(ROUND(H25,2)*(1+J$7),2) -> 0 | J25: =ROUND(G25*I25,2) -> 0
B26: 1.2.4 | C26: CDHU-SD | D26: 25.02.042 | E26: PORTA DE CORRER EM ALUMÍNIO TIPO LAMBRI BRANCO, SOB MEDIDA | F26: M2 | G26: 3.01 | I26: =ROUND(ROUND(H26,2)*(1+J$7),2) -> 0 | J26: =ROUND(G26*I26,2) -> 0
B27: 1.2.5 | C27: SINAPI | D27: 90830 | E27: FECHADURA DE EMBUTIR COM CILINDRO, EXTERNA, COMPLETA, ACABAMENTO PADRÃO MÉDIO, INCLUSO EXECUÇÃO DE FURO - FORNECIMENTO E INSTALAÇÃO. AF_12/2019 | F27: UN | G27: 1 | I27: =ROUND(ROUND(H27,2)*(1+J$7),2) -> 0 | J27: =ROUND(G27*I27,2) -> 0
B28: 1.2.6 | C28: CDHU-SD | D28: 21.20.410 | E28: CANTONEIRA DE SOBREPOR EM PVC DE 4 X 4 CM | F28: M | G28: 8.4 | I28: =ROUND(ROUND(H28,2)*(1+J$7),2) -> 0 | J28: =ROUND(G28*I28,2) -> 0
B29: 1.2.7 | C29: CDHU-SD | D29: 03.03.020 | E29: APICOAMENTO MANUAL DE PISO, PAREDE OU TETO | F29: M2 | G29: 1.28 | I29: =ROUND(ROUND(H29,2)*(1+J$7),2) -> 0 | J29: =ROUND(G29*I29,2) -> 0
B30: 1.2.8 | C30: SINAPI | D30: 87275 | E30: REVESTIMENTO CERÂMICO PARA PAREDES INTERNAS COM PLACAS TIPO ESMALTADA DE DIMENSÕES 33X45 CM APLICADAS A MEIA ALTURA DAS PAREDES. AF_02/2023_PE | F30: M2 | G30: 1.28 | I30: =ROUND(ROUND(H30,2)*(1+J$7),2) -> 0 | J30: =ROUND(G30*I30,2) -> 0
B31: 1.2.9 | C31: CDHU-SD | D31: 44.03.300 | E31: TORNEIRA CLÍNICA COM VOLANTE TIPO ALAVANCA | F31: UN | G31: 1 | I31: =ROUND(ROUND(H31,2)*(1+J$7),2) -> 0 | J31: =ROUND(G31*I31,2) -> 0
B32: 1.2.10 | C32: SINAPI | D32: 86903 | E32: LAVATÓRIO LOUÇA BRANCA COM COLUNA, 45 X 55CM OU EQUIVALENTE, PADRÃO MÉDIO - FORNECIMENTO E INSTALAÇÃO. AF_01/2020 | F32: UN | G32: 1 | I32: =ROUND(ROUND(H32,2)*(1+J$7),2) -> 0 | J32: =ROUND(G32*I32,2) -> 0
B33: 1.2.11 | C33: SINAPI | D33: 86877 | E33: VÁLVULA EM METAL CROMADO 1.1/2 X 1.1/2 PARA TANQUE OU LAVATÓRIO, COM OU SEM LADRÃO - FORNECIMENTO E INSTALAÇÃO. AF_01/2020 | F33: UN | G33: 1 | I33: =ROUND(ROUND(H33,2)*(1+J$7),2) -> 0 | J33: =ROUND(G33*I33,2) -> 0
B34: 1.2.12 | C34: SINAPI | D34: 86882 | E34: SIFÃO DO TIPO GARRAFA/COPO EM PVC 1.1/4 X 1.1/2" - FORNECIMENTO E INSTALAÇÃO. AF_01/2020 | F34: UN | G34: 1 | I34: =ROUND(ROUND(H34,2)*(1+J$7),2) -> 0 | J34: =ROUND(G34*I34,2) -> 0
... B49: 1.2.27 | C49: COMP. | D49: COMP. 003 | E49: PINTURA DE ACABAMENTO COM APLICAÇÃO DE 02 DEMÃOS DE VERNIZ ACRÍLICO, CORAL OU SIMILAR | F49: M2 | G49: 35.85 | I49: =ROUND(ROUND(H49,2)*(1+J$7),2) -> 0 | J49: =ROUND(G49*I49,2) -> 0
B50: 1.3 | E50: INSTALAÇÕES ELETRICAS | J50: =SUM(J51:J56) -> 0
B51: 1.3.1 | C51: SINAPI | D51: 93662 | E51: DISJUNTOR BIPOLAR TIPO DIN, CORRENTE NOMINAL DE 20A - FORNECIMENTO E INSTALAÇÃO. AF_07/2025 | F51: UN | G51: 1 | I51: =ROUND(ROUND(H51,2)*(1+J$7),2) -> 0 | J51: =ROUND(G51*I51,2) -> 0
B52: 1.3.2 | C52: SINAPI | D52: 91926 | E52: CABO DE COBRE FLEXÍVEL ISOLADO, 2,5 MM², ANTI-CHAMA 450/750 V, PARA CIRCUITOS TERMINAIS - FORNECIMENTO E INSTALAÇÃO. AF_03/2023 | F52: M | G52: 50 | I52: =ROUND(ROUND(H52,2)*(1+J$7),2) -> 0 | J52: =ROUND(G52*I52,2) -> 0
B53: 1.3.3 | C53: CDHU-SD | D53: 39.10.050 | E53: TERMINAL DE COMPRESSÃO PARA CABO DE 2,5 MM² | F53: UN | G53: 4 | I53: =ROUND(ROUND(H53,2)*(1+J$7),2) -> 0 | J53: =ROUND(G53*I53,2) -> 0
B54: 1.3.4 | C54: CDHU-SD | D54: 38.04.040 | E54: ELETRODUTO GALVANIZADO CONFORME NBR13057 - 3/4´ COM ACESSÓRIOS | F54: M | G54: 6 | I54: =ROUND(ROUND(H54,2)*(1+J$7),2) -> 0 | J54: =ROUND(G54*I54,2) -> 0
B55: 1.3.5 | C55: SINAPI | D55: 95801 | E55: CONDULETE DE ALUMÍNIO, TIPO X, PARA ELETRODUTO DE AÇO GALVANIZADO DN 20 MM (3/4''), APARENTE - FORNECIMENTO E INSTALAÇÃO. AF_10/2022 | F55: UN | G55: 2 | I55: =ROUND(ROUND(H55,2)*(1+J$7),2) -> 0 | J55: =ROUND(G55*I55,2) -> 0
B56: 1.3.6 | C56: SINAPI | D56: 103247 | E56: AR CONDICIONADO SPLIT INVERTER, HI-WALL (PAREDE), 12000 BTU/H, CICLO FRIO - FORNECIMENTO E INSTALAÇÃO. AF_11/2021_PE | F56: UN | G56: 1 | I56: =ROUND(ROUND(H56,2)*(1+J$7),2) -> 0 | J56: =ROUND(G56*I56,2) -> 0
B57: 2 | E57: TELHAMENTO - DOMUS OBSERVAÇÃO | J57: =J58 -> 0
B58: 2.1 | E58: TELHAMENTO | J58: =SUM(J59:J61) -> 0
B59: 2.1.1 | C59: CDHU-SD | D59: 16.13.130 | E59: TELHAMENTO EM CHAPA DE AÇO PRÉ-PINTADA, TIPO SANDUÍCHE, ESPESSURA DE 0,50MM, COM POLIESTIRENO EXPANDIDO | F59: M2 | G59: 84 | I59: =ROUND(ROUND(H59,2)*(1+J$7),2) -> 0 | J59: =ROUND(G59*I59,2) -> 0
B60: 2.1.2 | C60: CDHU-SD | D60: 16.33.082 | E60: CALHA, RUFO, AFINS EM CHAPA GALVANIZADA Nº 26 - CORTE 0,33 M | F60: M | G60: 28 | I60: =ROUND(ROUND(H60,2)*(1+J$7),2) -> 0 | J60: =ROUND(G60*I60,2) -> 0
B61: 2.1.3 | C61: CDHU-SD | D61: 16.33.102 | E61: CALHA, RUFO, AFINS EM CHAPA GALVANIZADA Nº 26 - CORTE 0,50 M | F61: M | G61: 22.4 | I61: =ROUND(ROUND(H61,2)*(1+J$7),2) -> 0 | J61: =ROUND(G61*I61,2) -> 0
B62: 3 | E62: ABRIGO COMPRESSOR | J62: =J63+J65+J76+J97+J105 -> 0
B63: 3.1 | E63: SERVIÇOS PRELIMINARES | J63: =SUM(J64:J64) -> 0
B64: 3.1.1 | C64: SINAPI | D64: 98524 | E64: LIMPEZA MANUAL DE VEGETAÇÃO EM TERRENO COM ENXADA. AF_03/2024 | F64: M2 | G64: 9.43 | I64: =ROUND(ROUND(H64,2)*(1+J$7),2) -> 0 | J64: =ROUND(G64*I64,2) -> 0
B65: 3.2 | E65: INFRA-ESTRUTURA | J65: =SUM(J66:J75) -> 0
B66: 3.2.1 | C66: SINAPI | D66: 101173 | E66: ESTACA BROCA DE CONCRETO, DIÂMETRO DE 20CM, ESCAVAÇÃO MANUAL COM TRADO CONCHA, COM ARMADURA DE ARRANQUE. AF_05/2020 | F66: M | G66: 12 | I66: =ROUND(ROUND(H66,2)*(1+J$7),2) -> 0 | J66: =ROUND(G66*I66,2) -> 0
B67: 3.2.2 | C67: SINAPI | D67: 96527 | E67: ESCAVAÇÃO MANUAL PARA VIGA BALDRAME OU SAPATA CORRIDA (INCLUINDO ESCAVAÇÃO PARA COLOCAÇÃO DE FÔRMAS). AF_01/2024 | F67: M3 | G67: 0.71 | I67: =ROUND(ROUND(H67,2)*(1+J$7),2) -> 0 | J67: =ROUND(G67*I67,2) -> 0
B68: 3.2.3 | C68: FDE | D68: 02.01.010 | E68: APILOAMENTO PARA SIMPLES REGULARIZACAO | F68: M2 | G68: 1.78 | I68: =ROUND(ROUND(H68,2)*(1+J$7),2) -> 0 | J68: =ROUND(G68*I68,2) -> 0
B69: 3.2.4 | C69: SINAPI | D69: 104737 | E69: REATERRO MANUAL DE VALAS, COM PLACA VIBRATÓRIA. AF_08/2023 | F69: M3 | G69: 0.36 | I69: =ROUND(ROUND(H69,2)*(1+J$7),2) -> 0 | J69: =ROUND(G69*I69,2) -> 0
B70: 3.2.5 | C70: SINAPI | D70: 95240 | E70: LASTRO DE CONCRETO MAGRO, APLICADO EM PISOS, LAJES SOBRE SOLO OU RADIERS, ESPESSURA DE 3 CM. AF_01/2024 | F70: M2 | G70: 1.78 | I70: =ROUND(ROUND(H70,2)*(1+J$7),2) -> 0 | J70: =ROUND(G70*I70,2) -> 0
B71: 3.2.6 | C71: SINAPI | D71: 96533 | E71: FABRICAÇÃO, MONTAGEM E DESMONTAGEM DE FÔRMA PARA VIGA BALDRAME, EM MADEIRA SERRADA, E=25 MM, 2 UTILIZAÇÕES. AF_01/2024 | F71: M2 | G71: 6.2 | I71: =ROUND(ROUND(H71,2)*(1+J$7),2) -> 0 | J71: =ROUND(G71*I71,2) -> 0
B72: 3.2.7 | C72: SINAPI | D72: 104916 | E72: ARMAÇÃO DE SAPATA ISOLADA, VIGA BALDRAME E SAPATA CORRIDA UTILIZANDO AÇO CA-60 DE 5 MM - MONTAGEM. AF_01/2024 | F72: KG | G72: 10.6 | I72: =ROUND(ROUND(H72,2)*(1+J$7),2) -> 0 | J72: =ROUND(G72*I72,2) -> 0
B73: 3.2.8 | C73: SINAPI | D73: 104919 | E73: ARMAÇÃO DE SAPATA ISOLADA, VIGA BALDRAME E SAPATA CORRIDA UTILIZANDO AÇO CA-50 DE 10 MM - MONTAGEM. AF_01/2024 | F73: KG | G73: 33.22 | I73: =ROUND(ROUND(H73,2)*(1+J$7),2) -> 0 | J73: =ROUND(G73*I73,2) -> 0
B74: 3.2.9 | C74: CDHU-SD | D74: 11.01.130 | E74: CONCRETO USINADO, FCK = 25 MPA | F74: M3 | G74: 0.53 | I74: =ROUND(ROUND(H74,2)*(1+J$7),2) -> 0 | J74: =ROUND(G74*I74,2) -> 0
B75: 3.2.10 | C75: CDHU-SD | D75: 11.16.040 | E75: LANÇAMENTO E ADENSAMENTO DE CONCRETO OU MASSA EM FUNDAÇÃO | F75: M3 | G75: 0.53 | I75: =ROUND(ROUND(H75,2)*(1+J$7),2) -> 0 | J75: =ROUND(G75*I75,2) -> 0
B76: 3.3 | E76: SUPER-ESTRUTURA | J76: =SUM(J77:J96) -> 0
B77: 3.3.1 | C77: SINAPI | D77: 92413 | E77: MONTAGEM E DESMONTAGEM DE FÔRMA DE PILARES RETANGULARES E ESTRUTURAS SIMILARES, PÉ-DIREITO SIMPLES, EM MADEIRA SERRADA, 4 UTILIZAÇÕES. AF_09/2020 | F77: M2 | G77: 6.66 | I77: =ROUND(ROUND(H77,2)*(1+J$7),2) -> 0 | J77: =ROUND(G77*I77,2) -> 0
B78: 3.3.2 | C78: SINAPI | D78: 92448 | E78: MONTAGEM E DESMONTAGEM DE FÔRMA DE VIGA, ESCORAMENTO COM PONTALETE DE MADEIRA, PÉ-DIREITO SIMPLES, EM MADEIRA SERRADA, 4 UTILIZAÇÕES. AF_09/2020 | F78: M2 | G78: 6.76 | I78: =ROUND(ROUND(H78,2)*(1+J$7),2) -> 0 | J78: =ROUND(G78*I78,2) -> 0
B79: 3.3.3 | C79: SINAPI | D79: 104111 | E79: ARMAÇÃO DE PILAR OU VIGA DE ESTRUTURA DE CONCRETO ARMADO EMBUTIDA EM ALVENARIA DE VEDAÇÃO UTILIZANDO AÇO CA-60 DE 5,0 MM - MONTAGEM. AF_06/2022 | F79: KG | G79: 21.38 | I79: =ROUND(ROUND(H79,2)*(1+J$7),2) -> 0 | J79: =ROUND(G79*I79,2) -> 0
B80: 3.3.4 | C80: SINAPI | D80: 104108 | E80: ARMAÇÃO DE PILAR OU VIGA DE ESTRUTURA DE CONCRETO ARMADO EMBUTIDA EM ALVENARIA DE VEDAÇÃO UTILIZANDO AÇO CA-50 DE 10,0 MM - MONTAGEM. AF_06/2022 | F80: KG | G80: 70.24 | I80: =ROUND(ROUND(H80,2)*(1+J$7),2) -> 0 | J80: =ROUND(G80*I80,2) -> 0
B81: 3.3.5 | C81: CDHU-SD | D81: 11.01.130 | E81: CONCRETO USINADO, FCK = 25 MPA | F81: M3 | G81: 0.8 | I81: =ROUND(ROUND(H81,2)*(1+J$7),2) -> 0 | J81: =ROUND(G81*I81,2) -> 0
B82: 3.3.6 | C82: CDHU-SD | D82: 11.16.060 | E82: LANÇAMENTO E ADENSAMENTO DE CONCRETO OU MASSA EM ESTRUTURA | F82: M3 | G82: 0.8 | I82: =ROUND(ROUND(H82,2)*(1+J$7),2) -> 0 | J82: =ROUND(G82*I82,2) -> 0
B83: 3.3.7 | C83: SINAPI | D83: 101964 | E83: LAJE PRÉ-MOLDADA UNIDIRECIONAL, BIAPOIADA, PARA FORRO, ENCHIMENTO EM CERÂMICA, VIGOTA CONVENCIONAL, ALTURA TOTAL DA LAJE (ENCHIMENTO+CAPA) = (8+3). AF_11/2020_PA | F83: M2 | G83: 8.21 | I83: =ROUND(ROUND(H83,2)*(1+J$7),2) -> 0 | J83: =ROUND(G83*I83,2) -> 0
B84: 3.3.8 | C84: SINAPI | D84: 98562 | E84: IMPERMEABILIZAÇÃO DE SUPERFÍCIE COM ARGAMASSA DE CIMENTO E AREIA, COM ADITIVO IMPERMEABILIZANTE, E = 1,5CM. AF_09/2023 | F84: M2 | G84: 13.8 | I84: =ROUND(ROUND(H84,2)*(1+J$7),2) -> 0 | J84: =ROUND(G84*I84,2) -> 0
B85: 3.3.9 | C85: COMP. | D85: COMP.001 | E85: IMPERMEABILIZAÇÃO C/ MANTA ASFÁLTICA ALUMINIZADA 3MM, ESTRUTURADA COM NÃO-TECIDO DE POLIÉSTER, INCLUSIVE APLICAÇÃO DE 1 DEMÃO DE PRIMER | F85: M2 | G85: 14.55 | I85: =ROUND(ROUND(H85,2)*(1+J$7),2) -> 0 | J85: =ROUND(G85*I85,2) -> 0
B86: 3.3.10 | C86: SINAPI | D86: 103330 | E86: ALVENARIA DE VEDAÇÃO DE BLOCOS CERÂMICOS FURADOS NA HORIZONTAL DE 11,5X19X19 CM (ESPESSURA 11,5 CM) E ARGAMASSA DE ASSENTAMENTO COM PREPARO EM BETONEIRA. AF_12/2021 | F86: M2 | G86: 9.22 | I86: =ROUND(ROUND(H86,2)*(1+J$7),2) -> 0 | J86: =ROUND(G86*I86,2) -> 0
B87: 3.3.11 | C87: FDE | D87: 06.80.025 | E87: PORTAO DE 2 FOLHAS DE TUBO E TELA GALVANIZADOS COM PORTA CADEADO | F87: M2 | G87: 4.56 | I87: =ROUND(ROUND(H87,2)*(1+J$7),2) -> 0 | J87: =ROUND(G87*I87,2) -> 0
B88: 3.3.12 | C88: SINAPI | D88: 87879 | E88: CHAPISCO APLICADO EM ALVENARIAS E ESTRUTURAS DE CONCRETO INTERNAS, COM COLHER DE PEDREIRO. ARGAMASSA TRAÇO 1:3 COM PREPARO EM BETONEIRA 400L. AF_10/2022 | F88: M2 | G88: 25.99 | I88: =ROUND(ROUND(H88,2)*(1+J$7),2) -> 0 | J88: =ROUND(G88*I88,2) -> 0
... B96: 3.3.20 | C96: SINAPI | D96: 100742 | E96: PINTURA COM TINTA ALQUÍDICA DE ACABAMENTO (ESMALTE SINTÉTICO ACETINADO) APLICADA A ROLO OU PINCEL SOBRE SUPERFÍCIES METÁLICAS (EXCETO PERFIL) EXECUTADO EM OBRA (POR DEMÃO). AF_01/2020 | F96: M2 | G96: 13.68 | I96: =ROUND(ROUND(H96,2)*(1+J$7),2) -> 0 | J96: =ROUND(G96*I96,2) -> 0
B97: 3.4 | E97: INSTALAÇÕES ELETRICAS - ALIMENTADOR | J97: =SUM(J98:J104) -> 0
B98: 3.4.1 | C98: CDHU-SD | D98: 06.02.020 | E98: ESCAVAÇÃO MANUAL EM SOLO DE 1ª E 2ª CATEGORIA EM VALA OU CAVA ATÉ 1,5 M | F98: M3 | G98: 0.14 | I98: =ROUND(ROUND(H98,2)*(1+J$7),2) -> 0 | J98: =ROUND(G98*I98,2) -> 0
B99: 3.4.2 | C99: SINAPI | D99: 104737 | E99: REATERRO MANUAL DE VALAS, COM PLACA VIBRATÓRIA. AF_08/2023 | F99: M3 | G99: 0.14 | I99: =ROUND(ROUND(H99,2)*(1+J$7),2) -> 0 | J99: =ROUND(G99*I99,2) -> 0
B100: 3.4.3 | C100: FDE | D100: 09.03.090 | E100: ENVELOPE DE CONCRETO PARA DUTOS | F100: M | G100: 7 | I100: =ROUND(ROUND(H100,2)*(1+J$7),2) -> 0 | J100: =ROUND(G100*I100,2) -> 0
B101: 3.4.4 | C101: SINAPI | D101: 97669 | E101: ELETRODUTO FLEXÍVEL CORRUGADO, PEAD, DN 90 (3"), PARA REDE ENTERRADA DE DISTRIBUIÇÃO DE ENERGIA ELÉTRICA - FORNECIMENTO E INSTALAÇÃO. AF_12/2021 | F101: M | G101: 9 | I101: =ROUND(ROUND(H101,2)*(1+J$7),2) -> 0 | J101: =ROUND(G101*I101,2) -> 0
B102: 3.4.5 | C102: SINAPI | D102: 91935 | E102: CABO DE COBRE FLEXÍVEL ISOLADO, 16 MM², ANTI-CHAMA 0,6/1,0 KV, PARA CIRCUITOS TERMINAIS - FORNECIMENTO E INSTALAÇÃO. AF_03/2023 | F102: M | G102: 64 | I102: =ROUND(ROUND(H102,2)*(1+J$7),2) -> 0 | J102: =ROUND(G102*I102,2) -> 0
B103: 3.4.6 | C103: CDHU-SD | D103: 37.13.690 | E103: DISJUNTOR SÉRIE UNIVERSAL EM CAIXA MOLDADA, TÉRMICO E MAGNÉTICO FIXOS, BIPOLAR 415 VCA, CORRENTE DE 60 A ATÉ 100 A | F103: UN | G103: 1 | I103: =ROUND(ROUND(H103,2)*(1+J$7),2) -> 0 | J103: =ROUND(G103*I103,2) -> 0
B104: 3.4.7 | C104: CDHU-SD | D104: 39.10.080 | E104: TERMINAL DE PRESSÃO/COMPRESSÃO PARA CABO DE 16 MM² | F104: UN | G104: 5 | I104: =ROUND(ROUND(H104,2)*(1+J$7),2) -> 0 | J104: =ROUND(G104*I104,2) -> 0
B105: 3.5 | E105: INSTALAÇÕES ELETRICAS - DISTRIBUIÇÃO | J105: =SUM(J106:J126) -> 0
B106: 3.5.1 | C106: CDHU-SD | D106: 37.03.210 | E106: QUADRO DE DISTRIBUIÇÃO UNIVERSAL DE EMBUTIR, PARA DISJUNTORES 24 DIN / 18 BOLT-ON - 150 A - SEM COMPONENTES | F106: UN | G106: 1 | I106: =ROUND(ROUND(H106,2)*(1+J$7),2) -> 0 | J106: =ROUND(G106*I106,2) -> 0
B107: 3.5.2 | C107: SINAPI | D107: 93662 | E107: DISJUNTOR BIPOLAR TIPO DIN, CORRENTE NOMINAL DE 20A - FORNECIMENTO E INSTALAÇÃO. AF_07/2025 | F107: UN | G107: 7 | I107: =ROUND(ROUND(H107,2)*(1+J$7),2) -> 0 | J107: =ROUND(G107*I107,2) -> 0
B108: 3.5.3 | C108: SINAPI | D108: 93655 | E108: DISJUNTOR MONOPOLAR TIPO DIN, CORRENTE NOMINAL DE 20A - FORNECIMENTO E INSTALAÇÃO. AF_07/2025 | F108: UN | G108: 1 | I108: =ROUND(ROUND(H108,2)*(1+J$7),2) -> 0 | J108: =ROUND(G108*I108,2) -> 0
B109: 3.5.4 | C109: SINAPI | D109: 93671 | E109: DISJUNTOR TRIPOLAR TIPO DIN, CORRENTE NOMINAL DE 32A - FORNECIMENTO E INSTALAÇÃO. AF_07/2025 | F109: UN | G109: 2 | I109: =ROUND(ROUND(H109,2)*(1+J$7),2) -> 0 | J109: =ROUND(G109*I109,2) -> 0
B110: 3.5.5 | C110: CDHU-SD | D110: 37.13.870 | E110: MINI-DISJUNTOR TERMOMAGNÉTICO, BIPOLAR 400 V, CORRENTE DE 80 A ATÉ 100A | F110: UN | G110: 1 | I110: =ROUND(ROUND(H110,2)*(1+J$7),2) -> 0 | J110: =ROUND(G110*I110,2) -> 0
B111: 3.5.6 | C111: CDHU-SD | D111: 37.24.032 | E111: SUPRESSOR DE SURTO MONOFÁSICO, CORRENTE NOMINAL 20 KA, IMAX. DE SURTO 50 ATÉ 80 KA | F111: UN | G111: 4 | I111: =ROUND(ROUND(H111,2)*(1+J$7),2) -> 0 | J111: =ROUND(G111*I111,2) -> 0
B112: 3.5.7 | C112: SINAPI | D112: 91932 | E112: CABO DE COBRE FLEXÍVEL ISOLADO, 10 MM², ANTI-CHAMA 450/750 V, PARA CIRCUITOS TERMINAIS - FORNECIMENTO E INSTALAÇÃO. AF_03/2023 | F112: M | G112: 65 | I112: =ROUND(ROUND(H112,2)*(1+J$7),2) -> 0 | J112: =ROUND(G112*I112,2) -> 0
B113: 3.5.8 | C113: SINAPI | D113: 91928 | E113: CABO DE COBRE FLEXÍVEL ISOLADO, 4 MM², ANTI-CHAMA 450/750 V, PARA CIRCUITOS TERMINAIS - FORNECIMENTO E INSTALAÇÃO. AF_03/2023 | F113: M | G113: 50 | I113: =ROUND(ROUND(H113,2)*(1+J$7),2) -> 0 | J113: =ROUND(G113*I113,2) -> 0
B114: 3.5.9 | C114: SINAPI | D114: 91926 | E114: CABO DE COBRE FLEXÍVEL ISOLADO, 2,5 MM², ANTI-CHAMA 450/750 V, PARA CIRCUITOS TERMINAIS - FORNECIMENTO E INSTALAÇÃO. AF_03/2023 | F114: M | G114: 180 | I114: =ROUND(ROUND(H114,2)*(1+J$7),2) -> 0 | J114: =ROUND(G114*I114,2) -> 0
B115: 3.5.10 | C115: CDHU-SD | D115: 39.10.050 | E115: TERMINAL DE COMPRESSÃO PARA CABO DE 2,5 MM² | F115: UN | G115: 18 | I115: =ROUND(ROUND(H115,2)*(1+J$7),2) -> 0 | J115: =ROUND(G115*I115,2) -> 0
B116: 3.5.11 | C116: CDHU-SD | D116: 39.10.060 | E116: TERMINAL DE PRESSÃO/COMPRESSÃO PARA CABO DE 6 ATÉ 10 MM² | F116: UN | G116: 14 | I116: =ROUND(ROUND(H116,2)*(1+J$7),2) -> 0 | J116: =ROUND(G116*I116,2) -> 0
B117: 3.5.12 | C117: CDHU-SD | D117: 38.04.040 | E117: ELETRODUTO GALVANIZADO CONFORME NBR13057 - 3/4´ COM ACESSÓRIOS | F117: M | G117: 6.3 | I117: =ROUND(ROUND(H117,2)*(1+J$7),2) -> 0 | J117: =ROUND(G117*I117,2) -> 0
... B126: 3.5.21 | C126: SINAPI | D126: 97607 | E126: LUMINÁRIA ARANDELA TIPO TARTARUGA, DE SOBREPOR, COM 1 LÂMPADA LED DE 6 W, SEM REATOR - FORNECIMENTO E INSTALAÇÃO. AF_09/2024 | F126: UN | G126: 2 | I126: =ROUND(ROUND(H126,2)*(1+J$7),2) -> 0 | J126: =ROUND(G126*I126,2) -> 0
B127: 4 | E127: LIMPEZA FINAL | J127: =J128 -> 0
B128: 4.1 | E128: LIMPEZA FINAL DE OBRA | J128: =SUM(J129) -> 0
B129: 4.1.1 | C129: FDE | D129: 16.11.005 | E129: LIMPEZA DA OBRA | F129: M2 | G129: 40 | I129: =ROUND(ROUND(H129,2)*(1+J$7),2) -> 0 | J129: =ROUND(G129*I129,2) -> 0
E131: TOTAL DO ORÇAMENTO | J131: =J18+J57+J62+J127 -> 0

Sheet Comp
B4: COMPOSIÇÕES ANALITICAS AUXILIARES | H4: =Planilha!I4 -> 46134
B8: Unidade | C8: =Planilha!C7 -> UPA TANGARÁ / ESTORIL
B9: Objeto | C9: =Planilha!C8 -> EXECUÇÃO DO QUARTO DE ISOLAMENTO
C10: =Planilha!C9 -> TELHAMENTO - DOMUS DA OBSERVAÇÃO
C11: =Planilha!C10 -> ABRIGO DO COMPRESSOR
B12: Local | C12: =Planilha!C11 -> AV GETÚLIO VARGAS, 381
C13: =Planilha!C12 -> JARDIM TANGARÁ | F13: Cidade: | G13: =Planilha!H12 -> SÃO JOSÉ DO RIO PRETO - SP
B16: COMP. 001 | D16: IMPERMEABILIZAÇÃO C/ MANTA ASFÁLTICA ALUMINIZADA 3MM, ESTRUTURADA COM NÃO-TECIDO DE POLIÉSTER, INCLUSIVE APLICAÇÃO DE 1 DEMÃO DE PRIMER | E16: M2 | G16: ORSE | H16: =SUM(H18:H21) -> 0
B17: FONTE | C17: CÓDIGO | D17: DESCRIÇÃO DO INSUMO | E17: UNIDADE | F17: COEFICIENTE | G17: CUSTO UNITÁRIO | H17: CUSTO TOTAL
B18: SINAPI | C18: 88270 | D18: IMPERMEABILIZADOR COM ENCARGOS COMPLEMENTARES | E18: H | F18: 1 | H18: =IF(G18=0,"",ROUND(F18*G18,2))
B19: SINAPI | C19: 88316 | D19: SERVENTE COM ENCARGOS COMPLEMENTARES | E19: H | F19: 1 | H19: =IF(G19=0,"",ROUND(F19*G19,2))
B20: SINAPI-I | C20: 00511 | D20: PRIMER PARA MANTA ASFALTICA A BASE DE ASFALTO MODIFICADO DILUIDO EM SOLVENTE, APLICACAO A FRIO | E20: L | F20: 0.4 | H20: =IF(G20=0,"",ROUND(F20*G20,2))
B21: SINAPI-I | C21: 11621 | D21: MANTA ASFALTICA ELASTOMERICA EM POLIESTER ALUMINIZADA 3 MM, TIPO III, CLASSE B (NBR 9952) | E21: M2 | F21: 1.15 | H21: =IF(G21=0,"",ROUND(F21*G21,2))
B23: COMP. 003 | D23: PINTURA DE ACABAMENTO COM APLICAÇÃO DE 02 DEMÃOS DE VERNIZ ACRÍLICO, CORAL OU SIMILAR | E23: M2 | G23: ORSE | H23: =SUM(H25:H27) -> 0
B24: FONTE | C24: CÓDIGO | D24: DESCRIÇÃO DO INSUMO | E24: UNIDADE | F24: COEFICIENTE | G24: CUSTO UNITÁRIO | H24: CUSTO TOTAL
B25: SINAPI | C25: 88310 | D25: PINTOR COM ENCARGOS COMPLEMENTARES | E25: H | F25: 0.35 | H25: =IF(G25=0,"",ROUND(F25*G25,2))
B26: SINAPI | C26: 88316 | D26: SERVENTE COM ENCARGOS COMPLEMENTARES | E26: H | F26: 0.15 | H26: =IF(G26=0,"",ROUND(F26*G26,2))
B27: ORSE | C27: 04740/ORSE | D27: VERNIZ ACRILICO INCOLOR, CORAL OU SIMILAR | E27: L | F27: 0.16 | H27: =IF(G27=0,"",ROUND(F27*G27,2))

Sheet Cronograma
J3: CRONOGRAMA FÍSICO - FINANCEIRO
B4: UNIDADE: | E4: =Planilha!C7 -> UPA TANGARÁ / ESTORIL
B5: OBJETO: | E5: =Planilha!C8 -> EXECUÇÃO DO QUARTO DE ISOLAMENTO
E6: =Planilha!C9 -> TELHAMENTO - DOMUS DA OBSERVAÇÃO
E7: =Planilha!C10 -> ABRIGO DO COMPRESSOR
B8: LOCAL: | E8: =Planilha!C11 -> AV GETÚLIO VARGAS, 381 | F8: =Planilha!C12 -> JARDIM TANGARÁ | M8: CIDADE: | N8: SÃO JOSÉ DO RIO PRETO - SP
B10: ITEM | E10: DESCRIÇÃO | F10: VALOR (R$) | G10: % | H10: 1 | K10: 2 | N10: 3 | Q10: 4
H12: R$ | I12: % | J12: %ACUM. | K12: R$ | L12: % | M12: %ACUM. | N12: R$ | O12: % | P12: %ACUM. | Q12: R$ | R12: % | S12: %ACUM.
E13: =Planilha!E18 -> QUARTO DE ISOLAMENTO | F13: =Planilha!J18 -> 0 | G13: =F13/F$18 -> #DIV/0! | H13: =$F13*I13% -> 0 | I13: 0 | J13: =I13 -> 0 | K13: =$F13*L13% -> 0 | L13: 0 | M13: =L13+J13 -> 0 | N13: =$F13*O13% -> 0 | O13: 0 | P13: =O13+M13 -> 0 | Q13: =$F13*R13% -> 0 | R13: 0 | S13: =R13+P13 -> 0
E14: =Planilha!E57 -> TELHAMENTO - DOMUS OBSERVAÇÃO | F14: =Planilha!J57 -> 0 | G14: =F14/F$18 -> #DIV/0! | H14: =$F14*I14% -> 0 | I14: 0 | J14: =I14 -> 0 | K14: =$F14*L14% -> 0 | L14: 0 | M14: =L14+J14 -> 0 | N14: =$F14*O14% -> 0 | O14: 0 | P14: =O14+M14 -> 0 | Q14: =$F14*R14% -> 0 | R14: 0 | S14: =R14+P14 -> 0
E15: =Planilha!E62 -> ABRIGO COMPRESSOR | F15: =Planilha!J62 -> 0 | G15: =F15/F$18 -> #DIV/0! | H15: =$F15*I15% -> 0 | I15: 0 | J15: =I15 -> 0 | K15: =$F15*L15% -> 0 | L15: 0 | M15: =L15+J15 -> 0 | N15: =$F15*O15% -> 0 | O15: 0 | P15: =O15+M15 -> 0 | Q15: =$F15*R15% -> 0 | R15: 0 | S15: =R15+P15 -> 0
E16: =Planilha!E127 -> LIMPEZA FINAL | F16: =Planilha!J127 -> 0 | G16: =F16/F$18 -> #DIV/0! | H16: =$F16*I16% -> 0 | I16: 0 | J16: =I16 -> 0 | K16: =$F16*L16% -> 0 | L16: 0 | M16: =L16+J16 -> 0 | N16: =$F16*O16% -> 0 | O16: 0 | P16: =O16+M16 -> 0 | Q16: =$F16*R16% -> 0 | R16: 0 | S16: =R16+P16 -> 0
B18: TOTAIS | E18: ORÇAMENTO | F18: =SUM(F13:F16) -> 0 | G18: =SUM(G13:G16) -> #DIV/0!
E19: % EXECUTADO NO PERÍODO | H19: =H21/$F$18 -> #DIV/0! | K19: =K21/$F$18 -> #DIV/0! | N19: =N21/$F$18 -> #DIV/0! | Q19: =Q21/$F$18 -> #DIV/0!
E20: % ACUMULADO NO PERÍODO | H20: =H19 -> #DIV/0! | K20: =K19+H20 -> #DIV/0! | N20: =N19+K20 -> #DIV/0! | Q20: =Q19+N20 -> #DIV/0!
E21: VALOR (R$) EXECUTADO NO PERÍODO | H21: =SUM(H13:H16) -> 0 | K21: =SUM(K13:K16) -> 0 | N21: =SUM(N13:N16) -> 0 | Q21: =SUM(Q13:Q16) -> 0
E22: VALOR (R$) ACUMULADO NO PERÍODO | H22: =H21 -> 0 | K22: =K21+H22 -> 0 | N22: =N21+K22 -> 0 | Q22: =Q21+N22 -> 0
